 Dungeon Crawl Stone Soup version 0.17-a0-1479-g4041c36 (webtiles) character file.

296 vatarom the Covered (level 6, -3/44 HPs)
             Began as a Demonspawn Gladiator on July 3, 2015.
             Killed from afar by mrath's ghost (13 damage)
             ... with a spray of energy
             ... on level 3 of the Dungeon.
             The game lasted 00:07:01 (3050 turns).

vatarom the Covered (Demonspawn Gladiator)          Turns: 3050, Time: 00:07:01

Health: -3/44      AC: 12    Str: 15    XL:     6   Next: 12%
Magic:  6/6        EV:  4    Int: 12    God:
Gold:   82         SH:  7    Dex: 13    Spells: 0 memorised, 5 levels left

rFire  + . .     SeeInvis .     k - +2 whip (elec)
rCold  . . .     Clarity  .     i - +0 chain mail
rNeg   . . .     SustAt   .     e - +0 shield
rPois  .         Gourm    .     c - +0 helmet
rElec  .         Spirit   .     (no cloak)
rCorr  .         Warding  .     a - +0 pair of gloves
rMut   .         Stasis   .     (no boots)
MR     .....                    (no amulet)
Stlth  ..........               (no ring)
                                (no ring)

@: lethally poisoned (-3 -> -4), not resistant to hostile enchantments,
extremely unstealthy
A: claws 1, fire resistance 1, flame cloud immunity
a: no special abilities


You were on level 3 of the Dungeon.
You were not hungry.

You visited 1 branch of the dungeon, and saw 3 of its levels.

You collected 82 gold pieces.

Inventory:

Hand weapons
 k - a +2 whip of electrocution (weapon)
Missiles
 j - 4 javelins (quivered)
Armour
 a - a +0 pair of gloves (worn)
 c - a +0 helmet (worn)
 e - a +0 shield (worn)
 i - a +0 chain mail (worn)
Scrolls
 f - a scroll of magic mapping
 h - a scroll of remove curse
Potions
 g - a potion of might
Comestibles
 d - a bread ration


   Skills:
 - Level 2.0 Fighting
 - Level 2.6 Maces & Flails
 - Level 3.4 Throwing
 - Level 4.4 Armour
 - Level 2.6 Dodging
 * Level 0.5 Shields


You had 5 spell levels left.
You didn't know any spells.

Dungeon Overview and Level Annotations

Branches:
Dungeon (3/15)

Altars:

Annotations:
D:3 mrath's ghost, average HaEn


Innate Abilities, Weirdness & Mutations

You have sharp fingernails.
Your flesh is heat resistant.
You are immune to clouds of flame.


Message History

You feel sick.
You see here an adder corpse.
You feel sick. Mrath's ghost casts a spell at you.
You fall asleep.
Mrath's ghost hits you but does no damage.
Mrath's ghost hits you.
You wake up.
You block mrath's ghost's attack.
You feel sick.
Mrath's ghost hits you but does no damage.
There is a large open door here.
For a moment, mrath's ghost blends into the shadows.
You feel sick.
Mrath's ghost whispers, "The ORB doesn't exist."
Mrath's ghost gestures at you while chanting.
The spray of energy hits you!
* * * LOW HITPOINT WARNING * * *
Mrath's ghost points at you and mumbles some strange words.
The spray of energy hits you!
You die...

#.#≈≈≈≈≈≈≈≈..≈≈≈≈≈≈
#.##≈≈≈≈≈≈≈..≈≈≈≈≈≈
#.###≈≈≈≈≈†..≈≈≈≈≈≈
#.# ##≈≈≈≈≈..≈≈≈≈≈#
#.# ##≈≈≈≈..≈≈≈≈##
#.# ##≈≈≈..≈≈≈## #.#
####''#####..
#.#########.........
#......@..W..#######
##############


You could see mrath's ghost.

Vanquished Creatures
  Sigmund (D:3)
  8 adders
  2 worms (D:2)
  3 ball pythons
  4 giant cockroaches
  7 goblins
  14 hobgoblins
  6 bats
  5 giant newts
  10 kobolds
  A quokka (D:2)
  2 rats
63 creatures vanquished.

Notes
Turn   | Place    | Note
--------------------------------------------------------------
     0 | D:1      | vatarom the Demonspawn Gladiator began the quest for the Orb.
     0 | D:1      | Reached XP level 1. HP: 16/16 MP: 1/1
   104 | D:1      | Reached skill level 1 in Armour
   182 | D:1      | Gained mutation: Your flesh is heat resistant. [demonic ancestry]
   182 | D:1      | Reached XP level 2. HP: 1/22 MP: 2/2
   998 | D:1      | Reached XP level 3. HP: 17/27 MP: 3/3
  1250 | D:2      | Gained mutation: You have sharp fingernails. [demonic ancestry]
  1250 | D:2      | Reached XP level 4. HP: 30/33 MP: 4/4
  1373 | D:2      | Reached skill level 3 in Throwing
  2361 | D:3      | Noticed Sigmund
  2586 | D:3      | Killed Sigmund
  2586 | D:3      | Reached skill level 4 in Armour
  2586 | D:3      | Gained mutation: You are immune to clouds of flame. [demonic ancestry]
  2586 | D:3      | Reached XP level 5. HP: 2/38 MP: 5/5
  2586 | D:3      | Reached XP level 6. HP: 2/44 MP: 6/6
  2602 | D:3      | Noticed mrath's ghost (average HaEn)
  3050 | D:3      | Killed from afar by mrath's ghost

Vault maps used:
D:1:      minmay_arrival_up_and_down, nrook_mini_backslash,
          minmay_misc_feat_roman
D:2:      first_bread
D:3:      kennysheep_big_flooded_room, kennysheep_generic_room_11, uniq_sigmund

Action                   |  1- 3 |  4- 6 || total
-------------------------+-------+-------++-------
Melee: Flail             |   101 |   119 ||   220
       Whip              |       |    18 ||    18
Throw: Throwing net      |    14 |       ||    14
  Use: Potion            |     3 |     3 ||     6
       Scroll            |     1 |     5 ||     6
 Stab: Held in net/web   |     1 |       ||     1
  Eat: Bread ration      |     1 |     1 ||     2
